 Dungeon Crawl Stone Soup version 0.23-a0-321-g6bcb69f058 (webtiles) character file.

1841222 MeekVeins the Middleweight Champion (level 27, 201/262 (264) HPs)
             Began as a Ghoul Necromancer on Oct 15, 2018.
             Was the Champion of Okawaru.
             Escaped with the Orb
             ... and 3 runes!
             The game lasted 04:32:37 (62665 turns).

MeekVeins the Middleweight Champion (GhNe)         Turns: 62665, Time: 04:32:38

HP:   201/262 (264) AC: 34    Str: 29    XL:     27
MP:   36/40         EV: 29    Int: 16    God:    Okawaru [******]
Gold: 6110          SH: 19    Dex: 20    Spells: 21/30 levels left

rFire    + + .     SeeInvis +     - Unarmed
rCold    + . .     Gourm    .   c - +4 shield {reflect} {Donald}
rNeg     + + +     Faith    .   l - +8 fire dragon scales {Xtahua}
rPois    ∞         Spirit   +   q - +3 crown of Dyrovepreva {rElec Int+2 SInv}
rElec    +         Reflect  +   b - +1 cloak
rCorr    .         Harm     .   C - +2 pair of gloves {Str+3} {god gift}
MR       ++++.                  S - +0 pair of boots "Axeaguadd" {Dex+6}
Stlth    +.........             u - amulet of guardian spirit
HPRegen  0.53/turn              o - ring "Mudaneisho" {MR+ SInv}
MPRegen  0.27/turn              p - ring of Mirch {rC+ MR+ MP+9 Stlth-}

@: mighty, agile, rotting, hasted, very quick
A: rotting body, claws 1, carnivore, cold resistance 1, negative energy
resistance 3, inhibited regeneration, torment resistance, unbreathing
0: Orb of Zot
}: 3/15 runes: decaying, silver, gossamer
a: Heroism, Finesse, Renounce Religion


You escaped.
You worshipped Okawaru.
Okawaru was exalted by your worship.
You were not hungry.

You visited 11 branches of the dungeon, and saw 53 of its levels.
You visited the Abyss 1 time.
You visited 1 bazaar.
You also visited: Labyrinth and Ossuary.

You collected 11263 gold pieces.
You spent 5153 gold pieces at shops.

Inventory:

Missiles
 a - 2 steel javelins
 d - 11 silver javelins {god gift}
 e - 18 javelins
 Z - 7 throwing nets (quivered)
Armour
 b - a +1 cloak (worn)
 c - a +4 shield of reflection (worn) {Donald}
 l - +8 fire dragon scales (worn) {Xtahua}
 q - the +3 crown of Dyrovepreva (worn) {rElec Int+2 SInv}
   (You bought it in a shop on level 3 of the Depths)

   It affects your intelligence (+2).
   It insulates you from electricity.
   It lets you see invisible.
 s - a +4 plate armour of magic resistance {god gift}
 C - a +2 pair of gloves of strength (worn) {god gift}
 S - the +0 pair of boots "Axeaguadd" (worn) {Dex+6}
   (You bought it in a shop on level 2 of the Orcish Mines)

   It affects your dexterity (+6).
Jewellery
 o - the ring "Mudaneisho" (left hand) {MR+ SInv}
   (You acquired it on level 1 of the Vaults)

   [ring of see invisible]

   It affects your resistance to hostile enchantments.
   It lets you see invisible.
 p - the ring of Mirch (right hand) {rC+ MR+ MP+9 Stlth-}
   (You bought it in a shop on level 4 of the Vaults)

   [ring of attention]

   It protects you from cold.
   It affects your resistance to hostile enchantments.
   It affects your magic capacity (+9).
   It makes you less stealthy.
 r - an uncursed ring of resist corrosion
 u - an amulet of guardian spirit (around neck)
Wands
 n - a wand of polymorph (62)
 A - a wand of acid (29)
 D - a wand of digging (25)
 E - a wand of enslavement (6)
 I - a wand of iceblast (78)
 P - a wand of paralysis (118)
 V - a wand of flame (102)
Scrolls
 f - 3 scrolls of enchant weapon
 h - 3 scrolls of silence
 k - 6 scrolls of immolation
 x - 3 scrolls of fog
 y - 6 scrolls of summoning
 B - 9 scrolls of blinking
 F - 9 scrolls of fear
 M - 6 scrolls of magic mapping
 N - 25 scrolls of remove curse
 R - 17 scrolls of identify
 T - 22 scrolls of teleportation
Potions
 g - a potion of invisibility
 i - 7 potions of heal wounds
 j - 2 potions of resistance
 t - 3 potions of cancellation
 v - 7 potions of might
 w - 8 potions of flight
 G - 5 potions of agility
 H - 11 potions of brilliance
 J - 2 potions of haste
 L - 4 potions of magic
 Q - 18 potions of curing
 W - 13 potions of ambrosia
Miscellaneous
 m - 2 phantom mirrors
 U - 2 boxes of beasts
 X - a phial of floods (inert)
 Y - a lamp of fire (inert)
Comestibles
 z - 93 rations


   Skills:
 + Level 24.4 Fighting
 - Level 6.0 Throwing
 - Level 20.0 Armour
 + Level 16.7 Dodging
 - Level 2.1 Stealth
 - Level 15.0 Shields
 O Level 27 Unarmed Combat
 - Level 2.0 Spellcasting
 - Level 4.0 Hexes
 - Level 9.0 Charms
 - Level 11.0 Necromancy
 - Level 8.0 Invocations
 - Level 12.0 Evocations


You had 21 spell levels left.
You knew the following spells:

 Your Spells              Type           Power        Failure   Level  Hunger
a - Pain                  Necr           ####         1%          1    #......
c - Confusing Touch       Hex            ##....       7%          1    #......
x - Vampiric Draining     Necr           #####.....   1%          3    ###....
z - Animate Skeleton      Necr           N/A          1%          1    #......
R - Regeneration          Chrm/Necr      ####......   1%          3    ###....

Your spell library contained the following spells:

 Spells                   Type           Power        Failure   Level  Hunger
 Infusion                 Chrm           ####         1%          1    #......
 Corpse Rot               Necr           N/A          1%          2    ###....
 Song of Slaying          Chrm           ####....     1%          2    ###....
 Animate Dead             Necr           N/A          3%          4    #####..
 Corona                   Hex            ##.....      7%          1    #......
 Spectral Weapon          Hex/Chrm       ###.....     7%          3    ###....
 Shroud of Golubria       Chrm/Tloc      ###.......   9%          2    ###....
 Swiftness                Chrm/Air       ###.....     9%          2    ###....
 Slow                     Hex            ##......     10%         2    ###....
 Agony                    Necr           #####...     11%         5    ######.
 Dispel Undead            Necr           #####...     11%         5    ######.
 Ozocubu's Armour         Chrm/Ice       ###.....     16%         3    ###....
 Excruciating Wounds      Chrm/Necr      ####......   16%         5    ######.
 Confuse                  Hex            ##......     21%         3    ###....
 Tukima's Dance           Hex            ##......     21%         3    ###....
 Ensorcelled Hibernation  Hex/Ice        #.....       22%         2    ###....
 Apportation              Tloc           #.....       34%         1    #......
 Flame Tongue             Conj/Fire      #....        34%         1    #......
 Freeze                   Ice            #...         34%         1    #......
 Magic Dart               Conj           #...         34%         1    #......
 Sting                    Conj/Pois      #...         34%         1    #......
 Summon Butterflies       Summ           #.......     34%         1    #......
 Summon Small Mammal      Summ           #...         34%         1    #......
 Dazzling Spray           Conj/Hex       #.....       41%         3    ###....
 Inner Flame              Hex/Fire       #.......     41%         3    ###....
 Portal Projectile        Hex/Tloc       #.....       41%         3    ###....
 Summon Guardian Golem    Hex/Summ       #.......     41%         3    ###....
 Blink                    Tloc           N/A          45%         2    ###....
 Call Imp                 Summ           #.......     45%         2    ###....
 Passwall                 Tmut/Erth      #.......     45%         2    ###....
 Poisonous Vapours        Pois/Air       #.....       45%         2    ###....
 Searing Ray              Conj           #.....       45%         2    ###....
 Throw Flame              Conj/Fire      #.....       45%         2    ###....
 Throw Frost              Conj/Ice       #.....       45%         2    ###....
 Death Channel            Necr           #####.....   50%         6    #######
 Cause Fear               Hex            ##........   54%         4    #####..
 Bolt of Draining         Conj/Necr      ###.......   69%         5    ######.
 Borgnjor's Vile Clutch   Necr/Erth      ###.......   69%         5    ######.
 Call Canine Familiar     Summ           #.......     71%         3    ###....
 Conjure Flame            Conj/Fire      #.......     71%         3    ###....
 Gell's Gravitas          Tloc           #.........   71%         3    ###....
 Lesser Beckoning         Tloc           #.........   71%         3    ###....
 Mephitic Cloud           Conj/Pois/Air  #.......     71%         3    ###....
 Recall                   Summ/Tloc      N/A          71%         3    ###....
 Static Discharge         Conj/Air       #.......     71%         3    ###....
 Teleport Other           Tloc           #.......     71%         3    ###....
 Fulminant Prism          Conj/Hex       #.........   83%         4    #####..
 Leda's Liquefaction      Hex/Erth       #.........   83%         4    #####..
 Iskenderun's Battlesphe  Conj/Chrm      ###.....     83%         5    ######.
 Airstrike                Air            #.........   98%         4    #####..
 Force Lance              Conj/Tloc      #.......     98%         4    #####..
 Iskenderun's Mystic Bla  Conj           #.......     98%         4    #####..
 Olgreb's Toxic Radiance  Pois           #.......     98%         4    #####..
 Petrify                  Tmut/Erth      #.......     98%         4    #####..
 Sticky Flame             Conj/Fire      #.......     98%         4    #####..
 Summon Ice Beast         Ice/Summ       #.......     98%         4    #####..
 Summon Lightning Spire   Summ/Air       #.......     98%         4    #####..
 Throw Icicle             Conj/Ice       #.......     98%         4    #####..
 Metabolic Englaciation   Hex/Ice        #.........   99%         5    ######.
 Silence                  Hex/Air        #.........   99%         5    ######.
 Summon Mana Viper        Hex/Summ       #.......     99%         5    ######.
 Yara's Violent Unravell  Hex/Tmut       #.........   99%         5    ######.
 Simulacrum               Ice/Necr       ###.......   99%         6    #######
 Alistair's Intoxication  Tmut/Pois      #.......     100%        5    ######.
 Aura of Abjuration       Summ           #.........   100%        5    ######.
 Bolt of Magma            Conj/Fire/Erth #.........   100%        5    ######.
 Fireball                 Conj/Fire      #.........   100%        5    ######.
 Irradiate                Conj/Tmut      #.........   100%        5    ######.
 Lightning Bolt           Conj/Air       #.........   100%        5    ######.
 Summon Demon             Summ           #.........   100%        5    ######.
 Summon Forest            Summ/Tloc      #.........   100%        5    ######.
 Venom Bolt               Conj/Pois      #.........   100%        5    ######.
 Bolt of Cold             Conj/Ice       #.........   100%        6    #######
 Conjure Ball Lightning   Conj/Air       #.........   100%        6    #######
 Deflect Missiles         Chrm/Air       ###.......   100%        6    #######
 Freezing Cloud           Conj/Ice/Air   #.........   100%        6    #######
 Invisibility             Hex            ##......     100%        6    #######
 Iron Shot                Conj/Erth      #.........   100%        6    #######
 Shadow Creatures         Summ           N/A          100%        6    #######
 Ring of Flames           Chrm/Fire      ###.......   100%        7    #######
 Summon Hydra             Summ           #.........   100%        7    #######
 Discord                  Hex            ##........   100%        8    #######
 Ignition                 Fire           #.........   100%        8    #######
 Shatter                  Erth           #.........   100%        9    #######
 Tornado                  Air            #.........   100%        9    #######
 Sublimation of Blood     Necr           Unusable     N/A         2    N/A
 Spider Form              Tmut/Pois      Unusable     N/A         3    N/A
 Passage of Golubria      Tloc           Unusable     N/A         4    N/A
 Blade Hands              Tmut           Unusable     N/A         5    N/A
 Hydra Form               Tmut           Unusable     N/A         6    N/A
 Statue Form              Tmut/Erth      Unusable     N/A         6    N/A
 Dragon Form              Tmut           Unusable     N/A         7    N/A

Dungeon Overview and Level Annotations

Branches:
Dungeon (15/15)            Temple (1/1) D:6            Lair (6/6) D:9
  Swamp (4/4) Lair:2       Spider (4/4) Lair:2        Slime (0/5) Lair:6
    Orc (2/2) D:9             Elf (3/3) Orc:2        Vaults (5/5) D:14
  Crypt (3/3) Vaults:3       Tomb (0/3) Crypt:3      Depths (5/5) D:15
    Zot (5/5) Depths:5

Altars:
Ashenzari
Dithmenos
Elyvilon
Gozag
Hepliaklqana
Kikubaaqudgha
Nemelex Xobeh
Okawaru
Qazlal
Sif Muna
Uskayaw
Vehumet
Wu Jian
Xom
Yredelemnul
Zin
The Shining One

Shops:
D:10 (   D:11 !   D:15 %   Orc:2 (*[(   Elf:1 *   Vaults:1 *   Vaults:2 :
Vaults:3 ([(   Vaults:4 ([(=   Depths:3 *

Portals:
Hell: Depths:1 Depths:2 Depths:3 Depths:4 Depths:5
Abyss: Depths:1 Depths:2 Depths:4
Pandemonium: Depths:2 Depths:3 Depths:5
Ziggurat: Depths:3

Annotations:
D:4 3 runed doors, derval's ghost, amateur MfIE
Lair:2 exclusion: electric eel
Swamp:4 Lernaean hydra
Spider:2 2 transporters, Yermak's ghost, adept HuWn
Spider:4 3 runed doors, RKaid's ghost, adept TrMo
Elf:2 8 runed doors, Iliorip's ghost, veteran GrFi
Crypt:2 2 transporters, Blackbelt's ghost, adept GrMo
Depths:1 1 exclusion
Zot:5 1 exclusion


Innate Abilities, Weirdness & Mutations

Your body is rotting away.
You thrive on raw meat.
You are immune to poison.
You have sharp fingernails.
You are carnivorous and can eat meat at any time.
Your flesh is cold resistant. (rC+)
You are immune to negative energy. (rN+++)
You do not regenerate when monsters are visible.
You are immune to unholy pain and torment.
You can survive without breathing.


Message History

Amnuhix is almost dead.
The sixfirhy completely misses you.
You hit Amnuhix.
Amnuhix is almost dead.
You block the sixfirhy's attack.
Your water elemental hits the sixfirhy!!
The sixfirhy dies!
Okawaru accepts your kill.
You pulverise Amnuhix!!!
You kill Amnuhix!
Okawaru accepts your kill.
Evoke which item? (* to show all) (? for menu, Esc to quit)
Aiming: Dig
Press: ? - help, Shift-Dir - straight line A rock wall.
This square is covered in magical glow.
The rock shatters into small pieces.
There is an open door here.
There is a staircase leading out of the dungeon here.
You have escaped!

#######........##................
# #.....##.##.#.............. #
#.....##.......#######.#.## ###
####..##.##.##.# ##.###.# ..#
##'######...# #.# ##.
#.#######♣P.♣P♣♣P##### ##.###.#
#.......'.....♣PP# ##.#.##
#.......#♣PP.....# #......
....###.#P♣♣P♣P.@# #.....#
###.#...## ############# #.....#
# #...#..# #......# #..(..#
###......# #.####.####......
....####.# #.##...Z..###....
##.......# #.##.#.##.###...#
######### #.##.#.##.......#
#..)...######.... ####..## #.###


There were no monsters in sight!

Vanquished Creatures
  Mara (Vaults:3)
  9 orbs of fire (Zot:5)
  Mennas (Depths:3)
  3 ancient liches
  A greater mummy (Crypt:3)
  Sojobo (Crypt:2)
  Boris (twice) (Vaults:3 Depths:5)
  The ghost of Gijacuf the Brawler, a veteran TrWn of Okawaru (Zot:2)
  Saint Roka (Depths:4)
  Frederick (Vaults:3)
  4 Killer Klowns
  Xtahua (Vaults:4)
  5 golden dragons
  2 profane servitors (Crypt:3)
  A bone dragon (Crypt:3)
  8 liches
  2 pandemonium lords
  2 Tzitzimimeh (Depths:3)
  4 electric golems
  13 tentacled monstrosities
  The ghost of Fol Koek the Eclecticist, an adept GrEE of Vehumet (Vaults:1)
  28 Orb Guardians
  Asterion (Depths:3)
  9 quicksilver dragons
  A deep elf master archer (Elf:3)
  3 deep elf blademasters (Elf:3)
  5 titans (Vaults:5)
  7 death cobs
  6 sphinxes
  An Executioner (D:10)
  Kirke (D:12)
  13 storm dragons
  3 ancient champions
  2 tentacled starspawn (Abyss:3)
  2 thorn hunters (Swamp:4)
  2 revenants (Crypt:2)
  12 tengu reavers
  8 draconian monks
  12 fire giants
  12 shadow dragons
  Donald (Crypt:1)
  Roxanne (Elf:1)
  3 draconian knights
  6 deep elf sorcerers
  2 iron dragons (Vaults:5)
  3 emperor scorpions
  3 cacodemons (Crypt:2)
  9 ghost moths
  5 draconian scorchers
  An orc warlord (Orc:2)
  17 vault wardens
  2 iron dragons (shapeshifter) (Depths:2)
  6 draconian stormcallers
  An angel (Abyss:3)
  Louise (Depths:4)
  18 frost giants
  3 curse skulls
  3 deep elf elementalists (Elf:3)
  14 very ugly things
  A balrug (Depths:4)
  A reaper (D:6)
  5 draconian shifters
  5 draconian annihilators
  15 stone giants
  14 ghouls
  6 war gargoyles
  15 ironheart preservers
  4 entropy weavers
  5 vampire knights
  13 black draconians
  An entropy weaver (shapeshifter) (Depths:2)
  10 yellow draconians
  8 green draconians
  5 lorocyprocas
  4 deep elf demonologists
  6 red draconians
  4 deep elf annihilators
  5 spark wasps
  8 purple draconians
  A minotaur (Lab)
  14 ettins
  7 white draconians
  A spectral quicksilver dragon (Zot:2)
  A crystal guardian (Depths:2)
  A spectral golden dragon (Zot:2)
  2 quicksilver dragon zombies
  8 deep elf death magi
  11 eidola
  A jiangshi (Crypt:2)
  15 yaktaur captains
  4 great orbs of eyes
  2 deep elf high priests
  32 vault guards
  17 ogre magi
  7 fire dragons
  An ice dragon (shapeshifter) (Depths:2)
  3 rakshasas
  17 hydras
  A spectral shadow dragon (Zot:2)
  6 ice dragons
  5 spriggan air magi
  5 catoblepae
  3 shambling mangroves
  2 juggernaut simulacra (Depths:2)
  3 death knights
  A ghost crab (Swamp:2)
  11 centaur warriors
  33 two-headed ogres
  5 death yaks (Lair:6)
  A spectral draconian (Zot:2)
  5 alligators
  7 deep troll shamans
  6 spriggan berserkers
  8 death scarabs (Spider:4)
  5 tengu warriors
  7 deep troll earth magi
  13 dancing weapons
  A death yak (shapeshifter) (Depths:5)
  2 spectral storm dragons (Zot:2)
  4 titan zombies (Crypt:3)
  A shock serpent (Depths:2)
  21 deep elf knights
  5 vampire magi (Crypt:2)
  A thrashing horror (Abyss:3)
  16 spriggans
  4 shadow wraiths
  2 sun demons (Depths:4)
  A soul eater (D:10)
  A spatial maelstrom (Abyss:3)
  34 skeletal warriors
  A wretched star (Abyss:3)
  Nergalle (D:12)
  12 hell knights
  3 iron trolls
  A salamander mystic (Depths:1)
  2 anaconda zombies (Crypt:3)
  A ghost moth zombie (Crypt:3)
  A gelid demonspawn (Zot:5)
  5 unseen horrors
  33 jumping spiders
  6 flayed ghosts
  An unseen horror (shapeshifter) (D:14)
  3 glowing orange brains
  A quicksilver dragon simulacrum (Zot:2)
  6 wizards
  8 swamp dragons
  17 deep trolls
  2 obsidian statues
  A spriggan druid (Swamp:1)
  2 wolf spider zombies
  A lindwurm (shapeshifter) (Depths:2)
  22 deep elf archers
  6 necromancers
  6 large abominations
  5 spectral wolf spiders (Spider:4)
  A shining eye (Abyss:3)
  13 ironbrand convokers
  9 orc knights
  2 mana vipers (shapeshifter) (Vaults:3)
  10 harpies
  42 ugly things
  16 orb spiders
  A fire giant zombie (Crypt:3)
  A cyclops (shapeshifter) (Depths:5)
  65 deep elf magi
  A stone giant zombie (Vaults:5)
  26 phantasmal warriors
  4 manticores
  3 frost giant zombies
  An oklob plant (Lair:6)
  5 cyclopes
  5 orc sorcerers
  A faun (shapeshifter) (Depths:2)
  38 moths of wrath
  36 wolf spiders
  A moth of wrath (shapeshifter) (Depths:2)
  A naga mage (Depths:2)
  3 salamanders (Depths:1)
  A dire elephant zombie (Crypt:3)
  12 vault sentinels
  2 fire giant skeletons
  8 elephants
  A rust devil (Zot:3)
  A molten gargoyle (Depths:1)
  A water nymph (Spider:3)
  5 black mambas
  A black mamba (shapeshifter) (Vaults:1)
  2 smoke demons
  An eye of devastation (Zot:1)
  18 spiny frogs
  2 storm dragon simulacra
  A spectral iron troll (Crypt:1)
  An ice statue (Elf:3)
  4 gargoyles
  A rime drake (Lair:1)
  Psyche (D:12)
  2 spiny frogs (shapeshifter)
  2 kobold demonologists
  9 komodo dragons
  A redback zombie (Spider:4)
  2 spectral redbacks (Spider:4)
  14 freezing wraiths
  58 yaktaurs
  A hellwing (D:2)
  3 human skeletons
  An ancient zyme (Abyss:3)
  4 tengu conjurers
  2 spectral deep trolls (Crypt:1)
  14 demonic crawlers
  3 meliai (Lair:4)
  A hydra zombie (Crypt:3)
  2 red devils
  A meliai (shapeshifter) (Depths:1)
  5 polar bears
  A white draconian skeleton (Crypt:1)
  A harpy zombie (Crypt:3)
  A guardian mummy (Crypt:3)
  A yaktaur skeleton (Vaults:3)
  A queen bee (Lair:4)
  A troll (shapeshifter) (Vaults:3)
  8 trolls
  A polar bear (shapeshifter) (Depths:1)
  A spectral jumping spider (Spider:4)
  7 tyrant leeches
  4 spectral tarantellas (Spider:4)
  A shadow dragon simulacrum (Zot:2)
  A wind drake (shapeshifter) (Vaults:2)
  A tarantella zombie (Spider:4)
  30 hornets
  2 ice dragon zombies
  14 bog bodies
  3 fire dragon zombies
  2 raiju (Abyss:3)
  42 slime creatures
  8 blink frogs (Lair:3)
  A hippogriff (shapeshifter) (Depths:5)
  A draconian simulacrum (Zot:2)
  8 dream sheep
  An ice dragon skeleton (Crypt:2)
  A guardian serpent skeleton (Crypt:1)
  9 hippogriffs
  An alligator skeleton (Crypt:2)
  8 water elementals
  An ettin skeleton (Depths:1)
  3 shadows
  33 tarantellas
  A dire elephant simulacrum (Crypt:2)
  A ynoxinul (Abyss:3)
  3 air elementals
  61 redbacks
  A fire bat (shapeshifter) (Vaults:2)
  11 wraiths
  A redback (shapeshifter) (Vaults:4)
  7 fire elementals
  A human (shapeshifter) (D:14)
  60 yaks
  4 hungry ghosts
  5 hogs (D:12)
  A tyrant leech zombie (Crypt:1)
  4 golden eyes (D:1)
  3 basilisks
  A steam dragon (D:9)
  17 vampire mosquitoes
  A neqoxec (Abyss:3)
  9 insubstantial wisps
  A red draconian simulacrum (Zot:2)
  A yellow draconian simulacrum (Zot:2)
  8 swamp worms
  4 small abominations (Abyss:3)
  A torturous demonspawn zombie (Crypt:3)
  4 wargs
  A soldier ant (shapeshifter) (Depths:1)
  11 water moccasins
  2 acid dragons
  A floating eye (shapeshifter) (Depths:2)
  2 moth of wrath simulacra (Zot:2)
  51 orc warriors
  5 porcupines
  A water nymph skeleton (Crypt:1)
  A snapping turtle zombie (Crypt:3)
  An ice beast (shapeshifter) (Depths:3)
  5 black bears (Lair:3)
  A dream sheep zombie (Crypt:2)
  5 ice beasts
  6 sky beasts
  5 spectral hornets (Spider:4)
  A hornet zombie (Spider:4)
  41 ogres
  16 swamp drakes
  An eye of draining (D:9)
  15 necrophages
  5 phantoms
  3 boggarts (Depths:1)
  13 wolves
  25 centaurs
  13 crocodiles
  A dream sheep skeleton (Crypt:2)
  An octopode zombie (Crypt:1)
  2 big kobolds (D:14)
  2 elf zombies (Ossuary)
  14 bullfrogs
  2 earth elementals (Elf:1)
  A deep troll simulacrum (Vaults:2)
  A hippogriff skeleton (Crypt:1)
  11 wyvern skeletons (Crypt:3)
  A water moccasin zombie (D:5)
  2 scorpions
  31 killer bees
  A swamp dragon simulacrum (Crypt:1)
  19 wights
  3 spriggan skeletons
  6 electric eels
  7 crimson imps
  2 bullfrog zombies
  4 centaur zombies
  14 starcursed masses (Abyss:3)
  A quasit (D:10)
  5 bullfrog skeletons
  8 hounds
  3 jellies
  19 orc priests
  3 human zombies
  4 centaur skeletons
  A gnoll shaman (D:10)
  24 orc wizards
  Ijyb (D:5)
  6 iguanas
  13 worker ants
  A killer bee zombie (D:6)
  A sky beast zombie (Crypt:2)
  A big kobold zombie (Ossuary)
  2 hound zombies
  5 mummies
  4 worker ant zombies
  3 gnolls (D:10)
  15 adders
  8 shadow imps
  A white imp (Depths:3)
  An ufetubus (Abyss:3)
  2 adder skeletons
  5 adder zombies
  7 worms
  4 dart slugs
  3 leopard geckos
  103 orcs
  7 giant cockroaches
  14 goblins
  4 hobgoblins
  11 jackals
  5 quokkas
  3 ball pythons
  8 bats
  A dart slug zombie (Crypt:1)
  5 frilled lizards
  3 goblin zombies (Ossuary)
  A hobgoblin skeleton (Crypt:2)
  3 hobgoblin zombies (Ossuary)
  2 jackal zombies (Ossuary)
  11 kobolds
  5 kobold zombies
  2 orc zombies (Ossuary)
  3 quokka zombies (Ossuary)
  7 rats
  6 rat zombies (Ossuary)
  A briar patch (Swamp:4)
  A bush (Lair:4)
  2 crawling corpses (Elf:2)
  2 starspawn tentacles (Abyss:3)
  A withered plant (Crypt:3)
2538 creatures vanquished.

Vanquished Creatures (collateral kills)
  the Lernaean hydra (Swamp:4)
  Nikola (Spider:1)
  A tentacled monstrosity (Zot:5)
  A fire giant (Vaults:1)
  Harold (Lair:2)
  4 alligators
  A sixfirhy (D:1)
  2 swamp dragons (Swamp:4)
  An ironbrand convoker (Vaults:5)
  2 slime creatures (Swamp:4)
  2 spiny frogs
  A blink frog (Lair:3)
  A polar bear (Lair:3)
  2 tyrant leeches (Swamp:4)
  A bog body (Swamp:4)
  A dream sheep (Lair:5)
  A spriggan (Swamp:4)
  A tarantella (Spider:1)
  A golden eye (D:1)
  2 vampire mosquitoes (Swamp:2)
  2 swamp worms
  3 swamp drakes
  A black bear (Lair:3)
  2 ogres (Vaults:3)
  A scorpion (D:8)
  A killer bee (D:8)
  A worker ant (Lair:2)
  A hound skeleton (D:5)
  An adder zombie (D:6)
  A worm (Lair:2)
  A hobgoblin (D:1)
  2 jackals
  A rat (D:1)
  2 fungi
  2 plants
50 creatures vanquished.

Vanquished Creatures (others)
  A ghost moth (Zot:2)
  A stone giant (Vaults:1)
  An ettin (Vaults:1)
  A yaktaur captain (Vaults:5)
  A vault guard (Vaults:5)
  A centaur warrior (Depths:4)
  A deep elf knight (Elf:2)
  A skeletal warrior (Crypt:2)
  A deep troll (shapeshifter) (Vaults:2)
  A deep elf archer (Elf:2)
  3 deep elf magi
  A wolf spider (Spider:1)
  A spiny frog (Lair:2)
  9 yaktaurs
  A jumping spider (Spider:1)
  A hornet (Swamp:2)
  A redback (Spider:3)
  An air elemental (Elf:1)
  A tarantella (Spider:3)
  A human (Spider:3)
  An ice beast (D:7)
  3 ogres
  A boggart (Depths:1)
  An orc wizard (Depths:4)
  2 orcs
  17 fungi
  A lurking horror (Abyss:3)
  22 plants
  4 starspawn tentacles (Abyss:3)
82 creatures vanquished.

Grand Total: 2670 creatures vanquished

Notes
Turn   | Place    | Note
-------+----------+-------------------------------------------
     0 | D:1      | MeekVeins the Ghoul Necromancer began the quest for the
                  | Orb.
     0 | D:1      | Reached XP level 1. HP: 14/14 MP: 2/2
   183 | D:1      | Reached XP level 2. HP: 19/19 MP: 2/4
   240 | D:1      | Learned a level 1 spell: Animate Skeleton
   508 | D:1      | Reached XP level 3. HP: 24/26 MP: 3/5
   513 | D:1      | Learned a level 3 spell: Vampiric Draining
   904 | D:2      | Reached skill level 1 in Unarmed Combat
   922 | D:2      | Reached XP level 4. HP: 30/34 MP: 0/6
   989 | D:2      | Found a hazy altar of Hepliaklqana.
   989 | D:2      | Found an ancient bone altar of Kikubaaqudgha.
  1018 | D:2      | Reached skill level 1 in Fighting
  1049 | D:2      | Reached skill level 2 in Unarmed Combat
  1685 | D:3      | Reached XP level 5. HP: 39/41 MP: 4/7
  1755 | D:3      | Reached skill level 3 in Unarmed Combat
  2340 | D:4      | Learned a level 1 spell: Confusing Touch
  2381 | D:4      | Found a runed gate.
  2381 | D:4      | Noticed derval's ghost (amateur MfIE)
  2382 | D:4      | Found a runed gate.
  2382 | D:4      | Found a runed gate.
  2519 | D:4      | Found a sand-covered staircase.
  2523 | Ossuary  | Entered an ossuary
  2750 | Ossuary  | Reached XP level 6. HP: 31/47 MP: 8/8
  2901 | Ossuary  | Reached skill level 4 in Unarmed Combat
  3298 | Ossuary  | Reached skill level 3 in Fighting
  3440 | Ossuary  | Reached skill level 5 in Unarmed Combat
  3618 | Ossuary  | Reached XP level 7. HP: 43/54 MP: 9/9
  3829 | D:4      | Reached skill level 6 in Unarmed Combat
  4228 | D:5      | Entered Level 5 of the Dungeon
  4363 | D:5      | Reached skill level 1 in Armour
  4363 | D:5      | Reached skill level 1 in Hexes
  4534 | D:5      | Found a sparkling altar of Nemelex Xobeh.
  4534 | D:5      | Found a stormy altar of Qazlal.
  4534 | D:5      | Found a glowing silver altar of Zin.
  4625 | D:5      | Noticed Ijyb
  4641 | D:5      | Killed Ijyb
  4696 | D:5      | Reached XP level 8. HP: 42/64 MP: 10/10
  4733 | D:5      | Got a dazzling hat
  4744 | D:5      | Identified the +2 hat "Oczeopof" {Str+4 Dex+3} (You found
                  | it on level 5 of the Dungeon)
  4782 | D:5      | Reached skill level 7 in Unarmed Combat
  5360 | D:6      | Found a staircase to the Ecumenical Temple.
  5401 | Temple   | Entered the Ecumenical Temple
  5463 | Temple   | Became a worshipper of Warmaster Okawaru
  5622 | D:6      | Found a deep blue altar of Sif Muna.
  6107 | D:7      | Reached skill level 3 in Hexes
  6170 | D:7      | Reached * piety under Okawaru
  6170 | D:7      | Reached skill level 8 in Unarmed Combat
  6170 | D:7      | Reached skill level 6 in Necromancy
  6170 | D:7      | Reached XP level 9. HP: 55/73 MP: 6/11
  6409 | D:7      | Reached skill level 1 in Invocations
  6438 | D:7      | Reached skill level 9 in Unarmed Combat
  6861 | D:7      | Got a bloodstained mace
  6862 | D:7      | Identified the cursed +2 mace "Fyilot" {drain, Int+6
                  | Stlth+} (You found it on level 7 of the Dungeon)
  6995 | D:8      | Reached skill level 10 in Unarmed Combat
  7012 | D:8      | Reached ** piety under Okawaru
  7101 | D:8      | Found a shadowy altar of Dithmenos.
  7141 | D:8      | Found a glowing golden altar of the Shining One.
  7209 | D:8      | Found a white marble altar of Elyvilon.
  7214 | D:8      | Found an ornate altar of the Wu Jian Council.
  7312 | D:8      | Reached skill level 3 in Dodging
  7428 | D:8      | Reached skill level 3 in Armour
  7671 | D:9      | Reached skill level 6 in Fighting
  7671 | D:9      | Reached XP level 10. HP: 75/83 MP: 8/12
  7694 | D:9      | Reached *** piety under Okawaru
  7978 | D:9      | Reached **** piety under Okawaru
  8005 | D:9      | Reached skill level 1 in Shields
  8420 | D:9      | Found a staircase to the Orcish Mines.
  8551 | D:9      | Reached skill level 11 in Unarmed Combat
  8571 | D:9      | Reached skill level 3 in Shields
  8631 | D:9      | Found a staircase to the Lair.
  8800 | D:10     | Entered Level 10 of the Dungeon
  8800 | D:10     | Noticed a gargoyle
  8862 | D:10     | Reached XP level 11. HP: 93/94 MP: 13/13
  9504 | Lair:1   | Entered Level 1 of the Lair of Beasts
  9604 | Lair:1   | Reached ***** piety under Okawaru
  9742 | Lair:1   | Reached skill level 12 in Unarmed Combat
  9781 | Lair:1   | Noticed a five-headed hydra
  9790 | Lair:1   | Killed a five-headed hydra
  9790 | Lair:1   | Reached skill level 3 in Invocations
 10316 | Lair:1   | Received a gift from Okawaru
 10625 | Lair:2   | Reached skill level 1 in Evocations
 10700 | Lair:2   | Found a hole to the Spider Nest.
 10773 | Lair:2   | Reached skill level 6 in Invocations
 10977 | Lair:2   | Reached skill level 3 in Evocations
 10992 | Lair:2   | Noticed Harold
 11026 | Lair:2   | Killed Harold
 11026 | Lair:2   | Received a gift from Okawaru
 11026 | Lair:2   | Reached XP level 12. HP: 27/99 MP: 6/15
 11898 | Lair:2   | Found a staircase to the Swamp.
 12044 | Lair:3   | Reached skill level 9 in Fighting
 12241 | Lair:3   | Reached skill level 13 in Unarmed Combat
 12343 | Lair:3   | Received a gift from Okawaru
 12664 | Lair:3   | Reached skill level 14 in Unarmed Combat
 12903 | Lair:4   | Noticed a six-headed hydra
 12911 | Lair:4   | Killed a six-headed hydra
 12923 | Lair:4   | Noticed a seven-headed hydra
 12932 | Lair:4   | Reached XP level 13. HP: 109/114 MP: 16/16
 12943 | Lair:4   | Received a gift from Okawaru
 14001 | Lair:4   | Reached skill level 1 in Throwing
 14095 | Lair:4   | Reached skill level 15 in Unarmed Combat
 14841 | Lair:5   | Received a gift from Okawaru
 15004 | Lair:6   | Entered Level 6 of the Lair of Beasts
 15063 | Lair:6   | Reached skill level 3 in Throwing
 15244 | Lair:6   | Reached skill level 12 in Fighting
 15467 | Lair:6   | Reached ****** piety under Okawaru
 15724 | Lair:6   | Reached skill level 16 in Unarmed Combat
 15755 | Lair:6   | Reached XP level 14. HP: 109/125 MP: 17/17
 15866 | Lair:6   | Reached skill level 6 in Armour
 15922 | Lair:6   | Received a gift from Okawaru
 15936 | Lair:6   | Got an ichor-stained broad axe
 15937 | Lair:6   | Identified the +8 broad axe "Xaronoi" {chop, rF+} (You
                  | found it on level 6 of the Lair of Beasts)
 16049 | Lair:6   | Found a staircase to the Slime Pits.
 16580 | Orc:1    | Entered Level 1 of the Orcish Mines
 16972 | Orc:2    | Entered Level 2 of the Orcish Mines
 16972 | Orc:2    | Noticed a stone giant
 17012 | Orc:2    | Killed a stone giant
 17012 | Orc:2    | Received a gift from Okawaru
 17020 | Orc:2    | Found a staircase to the Elven Halls.
 17468 | Orc:2    | Reached skill level 9 in Armour
 17662 | Orc:1    | Noticed an orc warlord
 17711 | Orc:2    | Killed an orc warlord
 18234 | Orc:2    | Found Xaskowk's Assorted Antiques.
 18234 | Orc:2    | Found Fisir's Armour Shoppe.
 18236 | Orc:2    | Found Casaonk's Weapon Emporium.
 18238 | Orc:2    | Found Tablojy's Antique Weapon Boutique.
 18242 | Orc:2    | Bought a scroll of identify for 66 gold pieces
 18242 | Orc:2    | Bought a scroll labeled BEUNIU YSIESM for 33 gold pieces
 18253 | Orc:2    | Bought the +0 pair of boots "Axeaguadd" {Dex+6} for 361
                  | gold pieces
 18560 | D:10     | Got a faintly glowing flail
 18639 | D:10     | Found Waenut's Antique Weapon Shoppe.
 18789 | D:10     | Received a gift from Okawaru
 19593 | D:11     | Found Milaaf's Distillery.
 19621 | D:11     | Reached skill level 6 in Shields
 19661 | D:11     | Reached XP level 15. HP: 112/128 MP: 16/18
 20209 | D:12     | Noticed Psyche
 20229 | D:12     | Killed Psyche
 20321 | D:12     | Noticed Kirke
 20349 | D:12     | Killed Kirke
 20494 | D:12     | Noticed Nergalle
 20498 | D:12     | Killed Nergalle
 20810 | Spider:1 | Entered Level 1 of the Spider Nest
 20861 | Spider:1 | Noticed Nikola
 20875 | Spider:1 | Killed Nikola
 21086 | Spider:1 | Received a gift from Okawaru
 21104 | Spider:1 | Reached skill level 9 in Shields
 21312 | Spider:1 | Received a gift from Okawaru
 21962 | Spider:2 | Found a transporter.
 22202 | Spider:2 | Reached skill level 12 in Armour
 22210 | Spider:2 | Noticed an emperor scorpion
 22233 | Spider:2 | Killed an emperor scorpion
 22447 | Spider:2 | Noticed a ghost moth
 22474 | Spider:2 | Killed a ghost moth
 22591 | Spider:2 | Reached XP level 16. HP: 136/139 MP: 16/20
 22645 | Spider:2 | Noticed Yermak's ghost (adept HuWn)
 22688 | Spider:2 | Found a transporter.
 23552 | Spider:3 | Received a gift from Okawaru
 24508 | Swamp:1  | Entered Level 1 of the Swamp
 25482 | Swamp:2  | Received a gift from Okawaru
 25483 | Swamp:2  | Reached skill level 12 in Shields
 25791 | Swamp:2  | Received a gift from Okawaru
 26380 | Swamp:3  | Reached skill level 17 in Unarmed Combat
 26390 | Swamp:3  | Reached XP level 17. HP: 141/151 MP: 22/22
 26464 | Swamp:3  | Reached XP level 18. HP: 128/159 MP: 21/23
 27008 | Swamp:4  | Entered Level 4 of the Swamp
 27734 | Swamp:4  | Noticed the 27-headed Lernaean hydra
 27755 | Swamp:4  | Killed the 27-headed Lernaean hydra
 27755 | Swamp:4  | Received a gift from Okawaru
 27766 | Swamp:4  | Got a decaying rune of Zot
 28019 | Spider:4 | Entered Level 4 of the Spider Nest
 28168 | Spider:4 | Found a runed gate.
 28168 | Spider:4 | Found a runed gate.
 28171 | Spider:4 | Found a runed gate.
 28172 | Spider:4 | Noticed RKaid's ghost (adept TrMo)
 28493 | Spider:4 | Received a gift from Okawaru
 28943 | Spider:4 | Reached skill level 18 in Unarmed Combat
 29046 | Spider:4 | Received a gift from Okawaru
 29055 | Spider:4 | Reached skill level 6 in Evocations
 29066 | Spider:4 | Reached XP level 19. HP: 126/164 MP: 16/24
 29067 | Spider:4 | Reached skill level 15 in Shields
 29123 | Spider:4 | Got a gossamer rune of Zot
 30107 | D:14     | Found a gate to the Vaults.
 30820 | D:15     | Entered Level 15 of the Dungeon
 30917 | D:15     | Found a staircase to the Depths.
 30946 | D:15     | Found a labyrinth entrance.
 30991 | Lab      | Entered a labyrinth
 31442 | D:15     | Found Wuowog's Food Shoppe.
 31878 | Vaults:1 | Entered Level 1 of the Vaults
 32404 | Vaults:1 | Reached skill level 6 in Dodging
 32497 | Vaults:1 | Received a gift from Okawaru
 33031 | Vaults:1 | Found a runed gate.
 33032 | Vaults:1 | Found an opulent altar of Gozag.
 33032 | Vaults:1 | Noticed Fol Koek's ghost (adept GrEE)
 33033 | Vaults:1 | Found a runed gate.
 33033 | Vaults:1 | Found a runed gate.
 33034 | Vaults:1 | Found Ocapaest's Assorted Antiques.
 33063 | Vaults:1 | Reached skill level 15 in Fighting
 33083 | Vaults:1 | Killed Fol Koek's ghost
 33107 | Vaults:1 | Bought an ancient helmet for 285 gold pieces
 33107 | Vaults:1 | Identified a scroll of acquirement
 33275 | Vaults:1 | Identified the +4 helmet "Kuwuckec" {Int+3} (You bought it
                  | in a shop on level 1 of the Vaults)
 33572 | Vaults:1 | Got a brightly glowing amber ring
 33573 | Vaults:1 | Identified the ring "Mudaneisho" {MR+ SInv} (You acquired
                  | it on level 1 of the Vaults)
 34026 | Vaults:2 | Received a gift from Okawaru
 34029 | Vaults:2 | Reached XP level 20. HP: 113/178 MP: 25/25
 34114 | Vaults:2 | Found Hois's Book Shop.
 34282 | Vaults:2 | Reached skill level 9 in Evocations
 35356 | Vaults:3 | Noticed Frederick
 35380 | Vaults:3 | Killed Frederick
 35390 | Vaults:3 | Reached skill level 19 in Unarmed Combat
 35477 | Vaults:3 | Noticed Mara
 35485 | Vaults:3 | Noticed MeekVeins's illusion
 35516 | Vaults:3 | Killed Mara
 35564 | Vaults:3 | Found Cuonuf's Antique Weapon Boutique.
 35631 | Vaults:3 | Received a gift from Okawaru
 35807 | Vaults:3 | Found a staircase to the Crypt.
 35807 | Vaults:3 | Found an ancient bone altar of Kikubaaqudgha.
 35808 | Vaults:3 | Found a basalt altar of Yredelemnul.
 35972 | Vaults:3 | Reached skill level 20 in Unarmed Combat
 36165 | Vaults:3 | Reached XP level 21. HP: 153/184 MP: 27/27
 36175 | Vaults:3 | Received a gift from Okawaru
 36330 | Vaults:3 | Noticed Boris
 36350 | Vaults:3 | Killed Boris
 36437 | Vaults:3 | Found Vughejan's Antique Weapon Emporium.
 36446 | Vaults:3 | Found Dokhla's Armour Shop.
 36875 | Vaults:4 | Noticed Xtahua
 36893 | Vaults:4 | Killed Xtahua
 36950 | Vaults:4 | Reached skill level 15 in Armour
 37122 | Vaults:4 | Got a pitted plate armour
 37133 | Vaults:4 | Identified the +3 plate armour of Indemnity {Int+3} (You
                  | found it on level 4 of the Vaults)
 37170 | Vaults:4 | Found Gozag's Antique Armour Shoppe.
 37209 | Vaults:4 | Found Gozag's Antique Weapon Shoppe.
 37209 | Vaults:4 | Found an opulent altar of Gozag.
 37292 | Vaults:4 | Found Gozag's Antique Weapon Emporium.
 37562 | Vaults:4 | Received a gift from Okawaru
 37618 | Vaults:4 | Found Heigg's Jewellery Shop.
 37626 | Vaults:4 | Bought the ring of Mirch {rC+ MR+ MP+9 Stlth-} for 736 gold
                  | pieces
 37903 | Vaults:4 | Reached skill level 9 in Dodging
 38545 | Crypt:1  | Entered Level 1 of the Crypt
 38587 | Crypt:1  | Reached skill level 21 in Unarmed Combat
 38787 | Crypt:1  | Noticed Donald
 38796 | Crypt:1  | Killed Donald
 39436 | Crypt:1  | Reached XP level 22. HP: 122/191 MP: 27/28
 40007 | Crypt:2  | Found a transporter.
 40008 | Crypt:2  | Noticed Blackbelt's ghost (adept GrMo)
 40081 | Crypt:2  | Received a gift from Okawaru
 40432 | Crypt:2  | Found a transporter.
 40478 | Crypt:2  | Found a transporter.
 40544 | Crypt:2  | Noticed Sojobo
 40575 | Crypt:2  | Reached skill level 22 in Unarmed Combat
 40578 | Crypt:2  | Found a transporter.
 40609 | Crypt:2  | Killed Sojobo
 40865 | Crypt:3  | Entered Level 3 of the Crypt
 41150 | Crypt:3  | Received a gift from Okawaru
 41685 | Crypt:3  | Got a faintly glowing copper ring
 41699 | Crypt:3  | Identified the ring of Qixt {Ice rElec Int+3} (You found it
                  | on level 3 of the Crypt)
 41950 | Crypt:3  | Found a staircase to the Tomb.
 41950 | Crypt:3  | Noticed a greater mummy
 41961 | Crypt:3  | Killed a greater mummy
 42136 | Crypt:3  | Found a basalt altar of Yredelemnul.
 42148 | Crypt:3  | Reached skill level 18 in Fighting
 42562 | Crypt:3  | Received a gift from Okawaru
 42660 | Crypt:3  | Noticed a profane servitor
 42662 | Crypt:3  | Noticed a profane servitor
 42671 | Crypt:3  | Killed a profane servitor
 42680 | Crypt:3  | Killed a profane servitor
 42680 | Crypt:3  | Reached XP level 23. HP: 193/206 MP: 29/29
 42709 | Crypt:3  | Got a polished hat
 42720 | Crypt:3  | Identified the +0 hat of the Wumpus {rF+ Str+2 Int+4} (You
                  | found it on level 3 of the Crypt)
 42736 | Crypt:3  | Identified the ring "Jetz" {+Fly rN+} (You found it on
                  | level 3 of the Crypt)
 43342 | Crypt:2  | Noticed an ancient lich
 43371 | Crypt:2  | Killed an ancient lich
 43371 | Crypt:2  | Received a gift from Okawaru
 43728 | Crypt:2  | Got a warped platinum ring
 43730 | Crypt:2  | Identified the ring "Gaung" {rElec rC+ Int+4 Slay-3} (You
                  | found it on level 2 of the Crypt)
 43738 | Crypt:2  | Got a coiled bone ring
 43740 | Crypt:2  | Identified the ring "Qennoeca" {MP+9 Int+3} (You found it
                  | on level 2 of the Crypt)
 43899 | Vaults:5 | Entered Level 5 of the Vaults
 43970 | Vaults:5 | Received a gift from Okawaru
 44126 | Vaults:5 | Reached skill level 6 in Throwing
 44199 | Vaults:5 | Learned a level 3 spell: Regeneration
 44225 | Vaults:5 | Reached skill level 1 in Charms
 44264 | Vaults:5 | Received a gift from Okawaru
 44327 | Vaults:5 | Identified the amulet "Bupsuus" {Regen+ MP+9}
 44336 | Vaults:5 | Reached skill level 3 in Charms
 44337 | Vaults:5 | Found the cursed +13 scythe of Curses {drain, *Curse}
 44404 | Vaults:5 | Reached XP level 24. HP: 86/224 MP: 15/30
 44592 | Vaults:5 | Identified the cursed +1 scythe of the Insatiable Yaks
                  | {venom, Stlth+}
 44593 | Vaults:5 | Received a gift from Okawaru
 44601 | Vaults:5 | Identified the +6 quarterstaff of Uncomfortable Rashes
                  | {elec, -Tele rPois Str-2 Stlth+}
 45310 | Vaults:5 | Noticed an ancient lich
 45318 | Vaults:5 | Reached skill level 6 in Charms
 45327 | Vaults:5 | Killed an ancient lich
 45327 | Vaults:5 | Received a gift from Okawaru
 45327 | Vaults:5 | Reached skill level 12 in Dodging
 45351 | Vaults:5 | Reached skill level 9 in Necromancy
 45398 | Vaults:5 | Got a silver rune of Zot
 45807 | Vaults:5 | Received a gift from Okawaru
 45940 | Vaults:5 | Identified the ring "Cuaff" {rC+ rN+}
 45955 | Vaults:5 | Identified the ring "Pudachiss" {rPois rC+ SInv}
 46387 | D:13     | Reached XP level 25. HP: 228/232 MP: 30/30
 46499 | Elf:1    | Entered Level 1 of the Elven Halls
 46702 | Elf:1    | Found Kinexifo's Assorted Antiques.
 46726 | Elf:1    | Bought a scroll of enchant armour for 300 gold pieces
 46726 | Elf:1    | Bought a scroll of identify for 80 gold pieces
 46726 | Elf:1    | Bought a scroll of identify for 80 gold pieces
 46747 | Elf:1    | Identified Roxanne's Handbook of Changing
 46747 | Elf:1    | Noticed Roxanne
 46766 | Elf:1    | Killed Roxanne
 47143 | Elf:1    | Reached skill level 12 in Evocations
 47712 | Elf:2    | Received a gift from Okawaru
 47948 | Elf:2    | Reached skill level 21 in Fighting
 47951 | Elf:2    | Found a radiant altar of Vehumet.
 48003 | Elf:2    | Found a runed gate.
 48004 | Elf:2    | Found a runed gate.
 48007 | Elf:2    | Found a runed gate.
 48009 | Elf:2    | Found the +3 salamander hide armour {+Rage rF++}
 48009 | Elf:2    | Noticed Iliorip's ghost (veteran GrFi)
 48094 | Elf:2    | Found a huge runed gate.
 48094 | Elf:2    | Found a huge runed gate.
 48094 | Elf:2    | Found a huge runed gate.
 48095 | Elf:2    | Found a huge runed gate.
 48099 | Elf:2    | Found a huge runed gate.
 48348 | Elf:3    | Entered Level 3 of the Elven Halls
 48454 | Elf:3    | Found a gateway to a bazaar.
 48465 | Bazaar   | Entered a bazaar
 48488 | Bazaar   | Found Zuitior's Jewellery Boutique.
 48540 | Bazaar   | Found Uczex's Book Emporium.
 48591 | Bazaar   | Found Osiameh's Book Emporium.
 48641 | Bazaar   | Found Solaiwna's Magic Scroll Emporium.
 48649 | Bazaar   | Bought a scroll of fog for 28 gold pieces
 48649 | Bazaar   | Bought a scroll of blinking for 105 gold pieces
 48649 | Bazaar   | Bought a scroll of teleportation for 42 gold pieces
 48649 | Bazaar   | Bought a scroll of immolation for 49 gold pieces
 49177 | Elf:3    | Identified the +1 chain mail of Birdsong {MP+9} (You found
                  | it on level 3 of the Elven Halls)
 49198 | Elf:3    | Identified Urikh's Catalogue of Ashen Protection
 49249 | Elf:3    | Identified Further Steps in Magic
 49267 | Elf:3    | Identified the ring "Gojeted" {Str+2 Dex+2 Stlth+} (You
                  | found it on level 3 of the Elven Halls)
 49577 | Elf:3    | Found a radiant altar of Vehumet.
 49658 | Elf:3    | Received a gift from Okawaru
 49768 | Elf:3    | Identified the -6 hat of Jusuaq {god gift, rN+} (Okawaru
                  | gifted it to you on level 3 of the Elven Halls)
 50236 | Depths:1 | Entered Level 1 of the Depths
 50887 | Depths:1 | Cast into level 2 of the Abyss (hell knight)
 51314 | Abyss:3  | Reached skill level 9 in Charms
 51359 | Abyss:3  | Reached XP level 26. HP: 155/246 MP: 31/31
 51387 | Depths:1 | Escaped the Abyss
 51486 | Depths:1 | Found a one-way gate to the infinite horrors of the Abyss.
 51881 | Depths:1 | Found a gateway to Hell.
 51924 | Depths:2 | Received a gift from Okawaru
 51933 | Depths:2 | Got a spiked shield {god gift}
 51939 | Depths:2 | Identified the +4 shield "Faduar Hulio" {god gift, *Drain
                  | Int+5} (Okawaru gifted it to you on level 2 of the Depths)
 52058 | Depths:2 | Identified Fipp's Disquisition on Gliding Talismans
 52660 | Depths:2 | Found a one-way gate leading to the halls of Pandemonium.
 52687 | Depths:2 | Paralysed by a floating eye for 3 turns
 53126 | Depths:3 | Noticed Mennas
 53162 | Depths:3 | Killed Mennas
 53295 | Depths:3 | Received a gift from Okawaru
 53349 | Depths:3 | Identified the +0 hat "Vyppiloj" {god gift, Slay+2}
                  | (Okawaru gifted it to you on level 3 of the Depths)
 53626 | Depths:3 | Reached skill level 23 in Unarmed Combat
 53730 | Depths:3 | Found a gateway to a ziggurat.
 53799 | Depths:3 | Found Ziofriwk's Assorted Antiques.
 53813 | Depths:3 | Bought a scroll of acquirement for 1664 gold pieces
 53813 | Depths:3 | Bought the +3 crown of Dyrovepreva {rElec Int+2 SInv} for
                  | 1324 gold pieces
 53813 | Depths:3 | Found the +3 crown of Dyrovepreva {rElec Int+2 SInv}
 53814 | Depths:3 | Identified the ring of Ycrubuel {rC+ MP+9 Dex+4} (You
                  | acquired it on level 3 of the Depths)
 53878 | Depths:3 | Noticed Asterion
 53894 | Depths:3 | Killed Asterion
 54205 | Depths:4 | Reached XP level 27. HP: 170/253 MP: 24/31
 54379 | Depths:4 | Noticed Saint Roka
 54430 | Depths:4 | Killed Saint Roka
 54588 | Depths:4 | Received a gift from Okawaru
 54669 | Depths:4 | Noticed Louise
 54687 | Depths:4 | Killed Louise
 54948 | Depths:4 | Identified the Guide on the Glacier and Augmentations
 54950 | Depths:4 | Identified the Papyrus of Ensnaring Transmutation
 55028 | Depths:5 | Entered Level 5 of the Depths
 55046 | Depths:5 | Reached skill level 18 in Armour
 55073 | Depths:5 | Noticed Boris
 55095 | Depths:5 | Killed Boris
 55125 | Depths:5 | Reached skill level 24 in Unarmed Combat
 55500 | Depths:5 | Found a gate to the Realm of Zot.
 55885 | Zot:1    | Entered Level 1 of the Realm of Zot
 55902 | Zot:1    | Received a gift from Okawaru
 57299 | Zot:2    | Found a transporter.
 57313 | Zot:2    | Found a transporter.
 57999 | Zot:2    | Found a runed gate.
 57999 | Zot:2    | Found a runed gate.
 58000 | Zot:2    | Found a runed gate.
 58007 | Zot:2    | Noticed Gijacuf's ghost (veteran TrWn)
 58043 | Zot:2    | Killed Gijacuf's ghost
 58043 | Zot:2    | Received a gift from Okawaru
 58119 | Zot:2    | Identified the cursed -2 hat of Refuge {rPois rC- Int+4
                  | Dex+5} (You found it on level 2 of the Realm of Zot)
 58490 | Zot:2    | Identified the cursed -3 pair of gloves of Panentheism
                  | {+Fly rElec SInv Stlth+} (You found it on level 2 of the
                  | Realm of Zot)
 59335 | Zot:3    | Received a gift from Okawaru
 59477 | Zot:3    | Received a gift from Okawaru
 60246 | Zot:4    | Reached skill level 24 in Fighting
 60867 | Zot:5    | Entered Level 5 of the Realm of Zot
 60960 | Zot:5    | Received a gift from Okawaru
 61152 | Zot:5    | Received a gift from Okawaru
 61155 | Zot:5    | Identified the +0 hat of Hairiness {god gift, +Blink rPois
                  | MR+} (Okawaru gifted it to you on level 5 of the Realm of
                  | Zot)
 61166 | Zot:5    | Reached skill level 25 in Unarmed Combat
 61225 | Zot:5    | Noticed an ancient lich
 61228 | Zot:5    | Noticed an orb of fire
 61241 | Zot:5    | Noticed an orb of fire
 61244 | Zot:5    | Killed an ancient lich
 61254 | Zot:5    | Killed an orb of fire
 61255 | Zot:5    | Noticed an orb of fire
 61267 | Zot:5    | Killed an orb of fire
 61277 | Zot:5    | Killed an orb of fire
 61304 | Zot:5    | Noticed an orb of fire
 61314 | Zot:5    | Killed an orb of fire
 61322 | Zot:5    | Reached skill level 15 in Dodging
 61331 | Zot:5    | Noticed an orb of fire
 61376 | Zot:5    | Killed an orb of fire
 61376 | Zot:5    | Received a gift from Okawaru
 61376 | Zot:5    | Reached skill level 26 in Unarmed Combat
 61420 | Zot:5    | Noticed an orb of fire
 61436 | Zot:5    | Killed an orb of fire
 61520 | Zot:5    | Noticed an orb of fire
 61524 | Zot:5    | Noticed an orb of fire
 61533 | Zot:5    | Killed an orb of fire
 61538 | Zot:5    | Noticed an orb of fire
 61565 | Zot:5    | Killed an orb of fire
 61565 | Zot:5    | Reached skill level 27 in Unarmed Combat
 61584 | Zot:5    | Killed an orb of fire
 61591 | Zot:5    | Received a gift from Okawaru
 62018 | Zot:5    | Got the Orb of Zot
 62198 | Depths:5 | Noticed Fuvuv the pandemonium lord
 62283 | Depths:2 | Noticed Eqaapt the pandemonium lord
 62313 | Depths:2 | Noticed Bueshihe the pandemonium lord
 62459 | D:9      | Noticed Jesaa the pandemonium lord
 62471 | D:9      | Killed Jesaa the pandemonium lord
 62626 | D:1      | Noticed Amnuhix the pandemonium lord
 62644 | D:1      | Killed Amnuhix the pandemonium lord
 62665 | D:$      | Escaped with the Orb!

Vault maps used:
D:1:      tarquinn_simple_flora_water_f
D:2:      gammafunk_temple_overflow_wave, roderic_roman_lattice
D:3:      serial_forest, infiniplex_forest_clump_medium,
          infiniplex_forest_straight_2, infiniplex_forest_corner_2,
          infiniplex_forest_straight_4, infiniplex_forest_end_1,
          infiniplex_forest_zigzag_1, infiniplex_forest_clump_medium,
          first_ration
D:4:      ebering_ghost_rock_garden, enter_ossuary_5
D:5:      gammafunk_temple_overflow_forgotten, uniq_ijyb
D:6:      overflow_temple_1_default, temple_pool_b
D:7:      lemuel_flamethrower_2
D:8:      nicolae_dithmenos_the_darkroom, tso_altar, grunt_temple_overflow_open
D:9:      minmay_opposing_rooms, lair_entry_dummy, orc_0_dummy, grunt_pizzeria,
          hangedman_misty_isle
D:10:     cheibrodos_elevator_heist, enter_bailey_3, serial_shops,
          kennysheep_mini_moat, glass_columns_b
D:11:     minmay_the_grid_square_5x5_3x3, serial_shops, shop_statue,
          minivault_26, kennysheep_generic_room_13
D:12:     uniq_kirke, uniq_nergalle, uniq_psyche
D:14:     hangedman_vaults_entry_quadrant_bands, moated_statue
D:15:     hangedman_depths_entry_civil_slaughter, serial_shops, shop,
          lab_entry_generic, minmay_misc_feat_hallway
Temple:   hc_temple_tempest_star
Lair:2:   minmay_swamp_entry_eels, nicolae_spider_entry_non_spiders,
          beast_lair_carwin_7, uniq_harold
Lair:3:   beast_lair_carwin_large_1
Lair:4:   special_room, grunt_megastairs_1
Lair:5:   serial_bayou_shore_a, infiniplex_staircase_pool, grunt_megastairs_4
Lair:6:   evilmike_catoblepas_cave, slime_dummy, st_stairs_13
Swamp:1:  evilmike_swamp_ruin_house_1, swamp_pool4, nicolae_swamp_spriggan_camp
Swamp:2:  hangedman_swamp_diagram, swamp_pool5
Swamp:3:  hangedman_swamp_ruin_wall, swamp_pool4, lightli_tree_ring
Swamp:4:  grunt_swamp_rune_castle
Spider:1: uniq_nikola
Spider:2: gammafunk_ghost_arena
Spider:4: floodkiller_spider_rune_tomb, gammafunk_ghost_split
Orc:2:    st_orc_rangers
Elf:1:    serial_shops, shop_statue, minivault_28, uniq_roxanne
Elf:2:    ebering_ghost_rock_garden, basic_altar
Elf:3:    minmay_elf_hall, serial_shops, statue_bzr, basic_altar,
          grunt_megastairs_5
Vaults:1: ebering_vaults_ghost_gozag, vaults_room_grunt_arrival_ludios,
          nicolae_vaults_alarming, ontoclasm_vaults_shuriken,
          hangedman_vaults_corner_blocks, grunt_vaults_swirl, st_lines,
          vaults_room_pool, vaults_room_fancy_cross,
          nicolae_vaults_bisected_slash
Vaults:2: hangedman_vaults_nails, vaults_mumra_lcd, v_misc_29,
          nicolae_vaults_network_square, vaults_mumra_minichess,
          ontoclasm_vaults_spin, grunt_vaults_focal, vaults_room_door_ring,
          vaults_room_fancy_cross, ontoclasm_vaults_chip,
          hangedman_vaults_stretched_pinwheel, vaults_dpeg_doors,
          grunt_vaults_diagonal, hangedman_vaults_impose, v_misc_15,
          serial_shops, nicolae_shop_trees
Vaults:3: ontoclasm_vaults_shout, vaults_room_pools, grunt_vaults_twisty,
          vaults_mumra_chevron, v_misc_4, v_rooms_6, v_pattern_5,
          minmay_crypt_entry_necro_gods, nicolae_vaults_big_ls,
          nicolae_vaults_three_branches, ontoclasm_vaults_gateway, serial_shops,
          nicolae_shop_stone, shop, shop_statue, uniq_frederick, uniq_mara,
          uniq_boris
Vaults:4: hangedman_vaults_maws, nicolae_vaults_little_squares_6,
          ontoclasm_vaults_eye, vaults_dpeg_ring, vaults_room_grid,
          v_alt_pattern_3, v_misc_12, v_misc_28, kennysheep_vaults_gozag_temple,
          ontoclasm_vaults_chip, nicolae_vaults_network_periphery,
          nicolae_vaults_diagonal_hallway_9, v_misc_13, ontoclasm_vaults_twist,
          serial_shops, nicolae_shop_temple_entry_statues_fountains, uniq_xtahua
Crypt:1:  serial_sigils_hangedman_leer, skrybe_necro_troll_2, uniq_donald
Crypt:2:  gammafunk_dig_for_victory, gammafunk_ghost_arena, grunt_ministairs_1,
          uniq_sojobo
Crypt:3:  evilmike_haunted_forest
Depths:1: abyss_entry, serial_sigils_hangedman_stare, hellmouth_1,
          nrook_kobold_shadow_demons
Depths:2: hangedman_crystal_crosses_colossus, abyss_entry, pan_entry, hell_entry
Depths:3: cheibrodos_tormentor_scu, enter_ziggurat_b, serial_shops, shop_statue,
          hell_entry, minmay_door_square, rand_demon_pan_entry_3, uniq_mennas,
          uniq_boris, uniq_asterion
Depths:4: cheibrodos_lost_city_excavation,
          nicolae_abyss_entry_one_way_or_another, lightli_too_deep, hex_tiny,
          roderic_lattice_octagonal_star, uniq_saint_roka
Depths:5: evilmike_zot_entry_round, rand_demon_pan_entry_4, hell_entry,
          grunt_decor_resistance, kennysheep_random_hallway,
          serial_bayou_shore_b
Zot:1:    gammafunk_mikee_crab_dinner
Zot:2:    gammafunk_sealed_arena, gammafunk_ghost_necromancy
Zot:3:    lemuel_draconian_sentries_small, bh_zot_ikea_curve
Zot:4:    grunt_ministairs_10
Zot:5:    basic_stair_grate_trap
Abyss:2:  hangedman_decor_peaks_small
Abyss:3:  nicolae_abyss_rune_star_stuff
Lab:      labyrinth_hidden_loot, nicolae_lab_quarters, nicolae_lab_grate_2
Bazaar:   bazaar_minmay_generic_d
Ossuary:  minmay_ossuary_two_tombs

Skill      XL: |  1  2  3  4  5  6  7  8  9 10 11 12 13 14 15 16 17 18 19 20 21 22 23 24 25 26 27 |
---------------+----------------------------------------------------------------------------------+-----
Spellcasting   | 2 |  2.0
Unarmed Combat | 1 2 3 5 6 8 10 11 12 14 16 17 18 20 21 22 23 27 | 27.0
Necromancy     | 5 6 7 10 11 | 11.0
Fighting       | 1 2 3 4 5 6 8 10 12 13 14 15 16 18 20 22 24 | 24.4
Dodging        | 2 3 4 7 8 9 10 11 12 14 16 | 16.7
Armour         | 2 3 4 10 12 14 15 16 17 20 | 20.0
Hexes          | 2 3 4 |  4.0
Invocations    | 2 6 8 |  8.0
Shields        | 3 4 6 10 12 14 15 | 15.0
Evocations     | 4 6 8 10 11 12 | 12.0
Throwing       | 4 6 |  6.0
Charms         | 3 6 9 |  9.0
Stealth        | |  2.1

Action                   |  1- 3 |  4- 6 |  7- 9 | 10-12 | 13-15 | 16-18 | 19-21 | 22-24 | 25-27 || total
-------------------------+-------+-------+-------+-------+-------+-------+-------+-------+-------++-------
Melee: Unarmed           |   129 |   272 |   436 |   562 |  1449 |  1251 |  2060 |  1792 |  3363 || 11314
       Punch             |       |     1 |    15 |     6 |       |       |       |       |       ||    22
Throw: Tomahawk          |       |     2 |       |     9 |    36 |       |       |       |       ||    47
       Javelin           |       |       |       |       |    10 |    10 |     8 |    23 |    78 ||   129
       Throwing net      |       |       |       |       |       |       |       |       |     2 ||     2
 Cast: Pain              |    37 |    46 |    38 |     4 |     3 |       |       |       |       ||   128
       Animate Skeleton  |    12 |     6 |    14 |    12 |     7 |    13 |       |     1 |       ||    65
       Vampiric Draining |       |       |     8 |    16 |     2 |       |       |       |       ||    26
       Confusing Touch   |       |       |     3 |     9 |     4 |       |       |       |       ||    16
       Regeneration      |       |       |       |       |       |       |       |     1 |    12 ||    13
Invok: Heroism           |       |       |     2 |    13 |    31 |    29 |    36 |    37 |    65 ||   213
       Finesse           |       |       |       |       |     4 |     1 |     6 |     5 |    11 ||    27
Evoke: Wand              |       |       |     2 |     9 |    15 |    71 |    13 |    28 |    41 ||   179
       Phial of floods   |       |       |       |     1 |     1 |     1 |     1 |       |     1 ||     5
       Phantom mirror    |       |       |       |       |       |     1 |       |       |     1 ||     2
       Lamp of fire      |       |       |       |       |       |       |     1 |    10 |     7 ||    18
  Use: Scroll            |       |     5 |     1 |     8 |    11 |     2 |    15 |     5 |    33 ||    80
       Potion            |       |     4 |       |       |     2 |     3 |     3 |     2 |    16 ||    30
 Stab: Sleeping          |     2 |     4 |     3 |     1 |       |       |       |       |       ||    10
       Distracted        |       |     1 |       |     2 |     1 |     2 |       |       |       ||     6
       Confused          |       |       |       |     2 |     5 |       |       |       |       ||     7
       Paralysed         |       |       |       |       |     7 |       |    17 |     9 |     9 ||    42
       Petrified         |       |       |       |       |       |       |     3 |       |       ||     3
       Petrifying        |       |       |       |       |       |       |     1 |       |       ||     1
  Eat: Chunk             |     9 |     9 |    21 |    62 |   101 |    86 |    97 |    93 |   151 ||   629
       Ration            |       |     1 |     1 |       |       |       |       |     3 |       ||     5
Armor: Robe              |    53 |     9 |       |       |       |       |       |       |       ||    62
       Leather armour    |       |    40 |    28 |       |       |       |       |       |       ||    68
       Ring mail         |       |     1 |    98 |    56 |       |       |       |       |       ||   155
       Scale mail        |       |       |       |    92 |    91 |       |       |       |       ||   183
       Plate armour      |       |       |       |       |   548 |   779 |   603 |   395 |   669 ||  2994
       Fire dragon scale |       |       |       |       |       |       |       |       |   243 ||   243
Dodge: Dodged            |    95 |   134 |   201 |   225 |   446 |   405 |   514 |   365 |  1059 ||  3444
Block: Buckler           |       |       |       |    93 |   171 |       |       |       |       ||   264
       Large shield      |       |       |       |       |   679 |   595 |       |       |       ||  1274
       Shield            |       |       |       |       |       |   577 |  1204 |   680 |  1650 ||  4111
       Reflection        |       |       |       |       |       |       |    61 |    26 |    87 ||   174

Table legend:
 A = Non-vault XP
 B = Vault XP
 C = Vault XP percentage of total XP
 D = Non-vault monster count
 E = Vault monster count
 F = Vault count percentage of total count
                 A         B        C        D         E       F
            +---------+---------+-------+---------+---------+-------
      Total |  795358 |  932561 |  54.0 |    1587 |     993 |  38.5
            +---------+---------+-------+---------+---------+-------
        D:1 |      56 |       0 |   0.0 |      35 |       0 |   0.0
        D:2 |      97 |       0 |   0.0 |      24 |       0 |   0.0
        D:3 |     117 |       0 |   0.0 |      23 |       0 |   0.0
        D:4 |      72 |       0 |   0.0 |       8 |       0 |   0.0
        D:5 |     566 |      36 |   6.0 |      18 |       1 |   5.3
        D:6 |     706 |       0 |   0.0 |      33 |       0 |   0.0
        D:7 |    1344 |       0 |   0.0 |      27 |       0 |   0.0
        D:8 |     989 |       0 |   0.0 |      17 |       0 |   0.0
        D:9 |    2743 |    1891 |  40.8 |      24 |      16 |  40.0
       D:10 |    4128 |     222 |   5.1 |      36 |       5 |  12.2
       D:11 |    2548 |    5384 |  67.9 |      16 |      19 |  54.3
       D:12 |    2986 |    4468 |  59.9 |      23 |       8 |  25.8
       D:13 |    8175 |       0 |   0.0 |      34 |       0 |   0.0
       D:14 |    6873 |    4911 |  41.7 |      27 |      15 |  35.7
       D:15 |    4802 |    4890 |  50.5 |      17 |       6 |  26.1
     Lair:1 |    5574 |       0 |   0.0 |      19 |       0 |   0.0
     Lair:2 |    3560 |    4989 |  58.4 |      16 |      24 |  60.0
     Lair:3 |    7407 |    1823 |  19.8 |      30 |      10 |  25.0
     Lair:4 |    5476 |    3693 |  40.3 |      21 |      27 |  56.2
     Lair:5 |    3289 |     518 |  13.6 |      17 |       2 |  10.5
     Lair:6 |    8515 |   10993 |  56.4 |      35 |      24 |  40.7
    Swamp:1 |   12535 |    1526 |  10.9 |      33 |       5 |  13.2
    Swamp:2 |   13597 |     319 |   2.3 |      36 |       3 |   7.7
    Swamp:3 |    3970 |    1734 |  30.4 |      16 |       2 |  11.1
    Swamp:4 |   11516 |   17859 |  60.8 |      29 |      31 |  51.7
   Spider:1 |   11703 |    1983 |  14.5 |      33 |       1 |   2.9
   Spider:2 |   19992 |       0 |   0.0 |      50 |       0 |   0.0
   Spider:3 |   22547 |     234 |   1.0 |      63 |       1 |   1.6
   Spider:4 |    6629 |   32575 |  83.1 |      14 |      70 |  83.3
      Orc:1 |    1446 |       0 |   0.0 |      27 |       0 |   0.0
      Orc:2 |    7218 |    5604 |  43.7 |      44 |      40 |  47.6
      Elf:1 |   23588 |    6503 |  21.6 |      44 |      13 |  22.8
      Elf:2 |   24706 |    1799 |   6.8 |      39 |       2 |   4.9
      Elf:3 |    7074 |   34492 |  83.0 |      12 |      25 |  67.6
   Vaults:1 |   12424 |   23942 |  65.8 |      22 |      25 |  53.2
   Vaults:2 |   38685 |   14020 |  26.6 |      73 |      30 |  29.1
   Vaults:3 |   17959 |   61347 |  77.4 |      36 |      59 |  62.1
   Vaults:4 |   15283 |   37016 |  70.8 |      20 |      51 |  71.8
   Vaults:5 |   48935 |  159417 |  76.5 |      65 |     106 |  62.0
    Crypt:1 |   27630 |    3857 |  12.2 |      46 |       5 |   9.8
    Crypt:2 |   23140 |   44863 |  66.0 |      35 |      33 |  48.5
    Crypt:3 |       0 |   83002 | 100.0 |       0 |     108 | 100.0
   Depths:1 |   38338 |    2396 |   5.9 |      58 |       4 |   6.5
   Depths:2 |       0 |   72140 | 100.0 |       0 |      55 | 100.0
   Depths:3 |   34998 |   25748 |  42.4 |      45 |      13 |  22.4
   Depths:4 |   34130 |   18759 |  35.5 |      36 |      23 |  39.0
   Depths:5 |   15738 |   26600 |  62.8 |      21 |      20 |  48.8
      Zot:1 |   33097 |       0 |   0.0 |      20 |       0 |   0.0
      Zot:2 |   51307 |   22529 |  30.5 |      32 |      23 |  41.8
      Zot:3 |   61411 |    6493 |   9.6 |      44 |       4 |   8.3
      Zot:4 |   31824 |    2247 |   6.6 |      20 |       2 |   9.1
      Zot:5 |   54476 |  176455 |  76.4 |      30 |      41 |  57.7
    Abyss:2 |    1145 |       0 |   0.0 |       3 |       0 |   0.0
    Abyss:3 |   18294 |       0 |   0.0 |      41 |       0 |   0.0
        Lab |       0 |    2791 | 100.0 |       0 |       4 | 100.0
    Ossuary |       0 |     493 | 100.0 |       0 |      37 | 100.0
            +---------+---------+-------+---------+---------+-------
